 Dungeon Crawl Stone Soup version 0.24.0-124-g2791043dd8 (webtiles) character file.

Game seed: 17405143682261655331, levelgen mode: deterministic

211 Descartes the Skirmisher (level 6, -2/48 HPs)
             Began as a Formicid Abyssal Knight on Feb 16, 2020.
             Was a Believer of Lugonu.
             Slain by a scorpion (5 damage)
             ... on level 4 of the Dungeon.
             The game lasted 00:06:14 (3255 turns).

Descartes the Skirmisher (Formicid Abyssal Knight)  Turns: 3255, Time: 00:06:16

Health: -2/48      AC: 10    Str: 18    XL:     6   Next: 13%
Magic:  8/8        EV:  7    Int: 12    God:    Lugonu [**....]
Gold:   172        SH:  0    Dex: 10    Spells: 5/5 levels left

rFire    . . .     SeeInvis +   a - +1 hand axe
rCold    . . .     Gourm    .   (no shield)
rNeg     . . .     Faith    .   D - +0 chain mail
rPois    .         Spirit   .   (helmet unavailable)
rElec    .         Reflect  .   y - scarf {repulsion}
rCorr    .         Harm     .   l - +0 pair of gloves
MR       +....                  (no boots)
Stlth    ..........             (no amulet)
HPRegen  0.16/turn              h - ring of protection from magic
MPRegen  0.11/turn              (no ring)

@: lethally poisoned (-2 -> -25), lightly drained, repel missiles
A: permanent stasis, dig shafts and tunnels, four strong arms, antennae 3
a: Dig, Shaft Self, Depart the Abyss, Bend Space, Renounce Religion


You were on level 4 of the Dungeon.
You worshipped Lugonu.
Lugonu was pleased with you.
You were not hungry.

You visited 1 branch of the dungeon, and saw 4 of its levels.
You visited the Abyss 1 time.

You collected 172 gold pieces.

Inventory:

Hand Weapons
 a - a +1 hand axe (weapon)
 A - a +0 war axe
Missiles
 d - 6 boomerangs (quivered)
 f - 65 stones
 o - 93 arrows
 z - 19 sling bullets
Armour
 l - a +0 pair of gloves (worn)
 y - a scarf of repulsion (worn)
 D - a +0 chain mail (worn)
Jewellery
 h - a ring of protection from magic (left hand)
Wands
 g - a wand of paralysis (8)
 t - a wand of enslavement (9)
Scrolls
 e - a scroll of amnesia
 i - 4 scrolls of remove curse
 k - a scroll of teleportation {unknown}
 p - 2 scrolls of blinking {unknown}
 q - a scroll of fear {unknown}
 r - a scroll of fog {unknown}
 w - a scroll of identify {unknown}
Potions
 b - a potion of invisibility {unknown}
 j - a potion of might
 m - 2 potions of heal wounds {unknown}
 n - 2 potions of haste {unknown}
 s - a potion of cancellation
 v - 2 potions of mutation {unknown}
 x - a potion of lignification {unknown}
 B - 2 potions of curing {unknown}
Comestibles
 c - 13 rations
 u - a chunk of flesh


   Skills:
 + Level 4.1(4.0) Fighting
 + Level 3.2(3.0) Axes
 * Level 4.1(3.9) Armour
 + Level 1.9(1.8) Dodging
 + Level 3.2(3.1) Invocations


You had 5 spell levels left.
You didn't know any spells.
Your spell library was empty.

Dungeon Overview and Level Annotations

Branches:
Dungeon (4/15)
 Temple: D:4-7

Altars:
Elyvilon
Gozag
Nemelex Xobeh


Innate Abilities, Weirdness & Mutations

You cannot be hasted, slowed, berserked, paralysed or teleported.
You can dig through walls and to a lower floor.
Your four strong arms can wield two-handed weapons with a shield.
You have a pair of large antennae on your head. (SInv)


Message History

* * * LOW HITPOINT WARNING * * *
You slash the scorpion!
The scorpion is severely wounded.
* * * LOW HITPOINT WARNING * * *
You feel sick.
The scorpion stings you but does no damage.
It was a potion of might.
You feel very mighty all of a sudden.
* * * LOW HITPOINT WARNING * * *
You feel sick. The scorpion stings you.
* * * LOW HITPOINT WARNING * * *
You are more poisoned.
The scorpion poisons you!
It was a potion of cancellation.
Your magical effects are unravelling.
You feel magically purged.
You feel a little less mighty now.
* * * LOW HITPOINT WARNING * * *
You feel sick. The scorpion stings you.
You die...

##.##..$.. ..#.....#
###.#########
........{
...[......... #.....#
# ##.###.##### #
#....#.#### ##...##
#..###.#.......
#.....# #..........#
##...## #.####.#####
##.## #.s@.# #.#
####.##### #.#
#........# ##'##
#.##.###.# ##...## #
#.##.# #.###.....## ..
#.#..###.##.......##
.##.#...##.#.........#
...........+.........'
##.#...##.#.........#


You could see a scorpion.

Vanquished Creatures
  A crimson imp (D:2)
  A hound (D:4)
  2 orc wizards
  A worker ant (D:4)
  A hound skeleton (D:4)
  3 worms
  A dart slug (D:1)
  2 leopard geckos (D:4)
  5 orcs
  2 ball pythons
  A giant cockroach (D:1)
  3 goblins
  2 hobgoblins
  2 jackals (D:1)
  6 bats
  4 frilled lizards
  3 kobolds
  7 rats
47 creatures vanquished.

Notes
Turn   | Place    | Note
-------+----------+-------------------------------------------
     0 | Abyss:1  | Descartes the Formicid Abyssal Knight began the quest for
                  | the Orb.
     0 | Abyss:1  | Reached XP level 1. HP: 18/18 MP: 2/2
    69 | Abyss:1  | Noticed a large abomination
   136 | Abyss:2  | Noticed a lorocyproca
   146 | D:1      | Escaped the Abyss
   286 | D:1      | Reached * piety under Lugonu
   439 | D:1      | Reached XP level 2. HP: 23/24 MP: 3/3
   559 | D:1      | You fall into a shaft and drop 1 floor!
   720 | D:1      | Reached skill level 1 in Dodging
   993 | D:2      | Reached XP level 3. HP: 29/29 MP: 4/4
  1236 | D:2      | Found a sparkling altar of Nemelex Xobeh.
  1473 | D:2      | Reached XP level 4. HP: 8/37 MP: 4/6
  1830 | D:2      | Found an opulent altar of Gozag.
  2197 | D:3      | Reached XP level 5. HP: 41/42 MP: 7/7
  2222 | D:3      | Found a white marble altar of Elyvilon.
  2829 | D:4      | Reached ** piety under Lugonu
  3117 | D:4      | Reached XP level 6. HP: 48/48 MP: 8/8
  3255 | D:4      | Slain by a scorpion

Levels and vault maps discovered:
D:1:      lemuel_arrival_broad_hall, layout_basic
D:2:      layout_loops_ring, nicolae_overflow_hidden_temple,
          nemelex_xobeh_ov_fountains_minmay
D:3:      layout_basic, elyvilon_altar_5, first_ration
D:4:      corexii_shantytown, layout_loops_corners, serial_shops, shop,
          uniq_menkaure, uniq_sigmund, uniq_robin

Skill      XL: |  1  2  3  4  5 |
---------------+----------------+-----
Dodging        | 1 |  1.9
Armour         | 3 4 |  4.1
Invocations    | 3 |  3.2
Fighting       | 4 |  4.1
Axes           | 3 |  3.2

Action                   |  1- 3 |  4- 6 || total
-------------------------+-------+-------++-------
Melee: Hand axe          |   145 |   101 ||   246
Invok: Depart the Abyss  |     1 |       ||     1
 Abil: Dig               |     1 |       ||     1
  Use: Scroll            |       |     2 ||     2
       Potion            |       |     2 ||     2
  Eat: Chunk             |     1 |     7 ||     8
Armor: Leather armour    |    11 |       ||    11
       Ring mail         |    40 |     6 ||    46
       Chain mail        |       |    52 ||    52
Dodge: Dodged            |    90 |    52 ||   142
